 Dungeon Crawl Stone Soup version 0.31-a0-640-g39d97e502b (webtiles) character file.

Game seed: 2216913151830281080

4576 Aneyh the Spear-Bearer (level 10, -5/58 HPs)
             Began as a Tengu Monk on Aug 29, 2023.
             Was a Priest of Hepliaklqana.
             Slain by a two-headed ogre
             ... wielding a +0 giant club
              (17 damage)
             ... on level 9 of the Dungeon.
             The game lasted 00:23:50 (8557 turns).

Aneyh the Spear-Bearer (Tengu Monk)                 Turns: 8557, Time: 00:23:51

Health: -5/58      AC: 11    Str: 16    XL:     10   Next: 41%
Magic:  11/11      EV: 12    Int: 10    God:    Hepliaklqana [***...]
Gold:   407        SH:  0    Dex: 17    Spells: 9/9 levels left

rFire   + . .        N - +2 halberd (venom)
rCold   + . .        (shield currently unavailable)
rNeg    . . .        I - +3 scale mail {rC+}
rPois   .            (helmet restricted)
rElec   .            O - +1 cloak
rCorr   .            (no gloves)
SInv    .            (boots unavailable)
Will    .....        (no amulet) Stlth
                     G - ring of protection from fire
HPRegen 0.29/turn    (no ring)
MPRegen 0.12/turn

%: no passive effects
@: lethally poisoned (-5 -> -8), flying quickly and evasively, slowed, very slow
A: reduced essence, beak, talons 3, nimble flight
a: Renounce Religion, Recall Ancestor, Ancestor Identity, Transference


You were on level 9 of the Dungeon.
You worshipped Hepliaklqana.
Hepliaklqana was most pleased with you.
You visited 2 branches of the dungeon, and saw 10 of its levels.
You also visited: Sewer and Ossuary.

You collected 564 gold pieces.
You spent 157 gold pieces at shops.

Inventory:

Hand Weapons
 a - a +0 spear
 b - a +0 dagger of venom
 l - a +1 halberd
 n - a +1 falchion of holy wrath
 y - a +2 heavy falchion
 B - the +1 quarterstaff "Poacledus" {flame, rF- Int+5}
   (You took it off an orc on level 5 of the Dungeon)

   Int+5:     It affects your intelligence (+5).
   rF-:       It makes you vulnerable to fire.
 M - a +0 trident
 N - a +2 halberd of venom (weapon)
Missiles
 c - 2 throwing nets
 u - 28 poisoned darts
 A - 2 boomerangs
Armour
 d - an orb of light
 f - a +0 leather armour
 g - a +0 robe
 q - a +0 chain mail
 I - a +3 scale mail of cold resistance (worn)
 O - a +1 cloak (worn)
 R - +0 steam dragon scales
Jewellery
 G - a ring of protection from fire (left hand)
 Q - a ring of positive energy
 S - an amulet of guardian spirit
Talismans
 x - a blade talisman
 z - a serpent talisman
Wands
 v - a wand of flame (32) (quivered)
Scrolls
 e - 2 scrolls of noise
 i - 6 scrolls of teleportation {unknown}
 j - 2 scrolls of fog
 m - 2 scrolls of revelation
 o - 11 scrolls of identify
 p - 3 scrolls of immolation
 t - a scroll of brand weapon {unknown}
 w - 2 scrolls of poison
 D - 2 scrolls of enchant armour
 L - 2 scrolls of fear {unknown}
 P - a scroll of silence {unknown}
Potions
 h - 2 potions of invisibility
 k - 4 potions of lignification {unknown}
 r - 4 potions of degeneration {unknown}
 s - 2 potions of cancellation {unknown}
 C - 4 potions of curing
 E - a potion of haste
 F - 3 potions of enlightenment {unknown}
 H - 2 potions of might {unknown}
 J - 2 potions of heal wounds
 K - 3 potions of berserk rage {unknown}


   Skills:
 + Level 8.6 Fighting
 - Level 14.0 Polearms
 - Level 3.3 Dodging


You had 9 spell levels left.
You didn't know any spells.
Your spell library contained the following spells:

 Spells                   Type           Power      Damage    Failure   Level
 Magic Dart               Conj           0%         1d3       82%         1
 Necrotise                Necr           0%         1d4       82%         1
 Blink                    Tloc           0%         N/A       91%         2
 Call Imp                 Summ           0%         N/A       91%         2
 Lesser Beckoning         Tloc           0%         N/A       91%         2
 Momentum Strike          Conj/Tloc      0%         3d8       91%         2
 Call Canine Familiar     Summ           0%         N/A       99%         3
 Mephitic Cloud           Conj/Pois/Air  0%         N/A       99%         3
 Portal Projectile        Hex/Tloc       0%         N/A       99%         3
 Leda's Liquefaction      Hex/Erth       0%         N/A       100%        4


Dungeon Overview and Level Annotations

Branches:
Dungeon (9/15)             Temple (1/1) D:6           Sewer (visited)
Ossuary (visited)
   Lair: D:8-11         Orc: D:9-12

Altars:
Ashenzari
Cheibriados
Dithmenos
Elyvilon
Gozag
Hepliaklqana
Kikubaaqudgha
Makhleb
Nemelex Xobeh
Okawaru
Qazlal
Ru
Sif Muna
Trog
Uskayaw
Vehumet
Wu Jian
Xom
Yredelemnul
Zin
The Shining One

Shops:
D:7 [*[

Annotations:
Temple 4 transporters


Innate Abilities, Weirdness & Mutations

Your life essence is reduced to manifest your ancestor. (-10% HP)
You have a beak for a mouth.
You have claws for feet.
Your magical nature lets you fly swiftly and evasively.


Message History

You now have 407 gold pieces (gained 17).
A hornet comes into view.
Found an escape hatch in the ceiling.
The hornet buzzes angrily.
You swap places.
The hornet misses you.
You barely miss the hornet. The hornet stings you.
You feel yourself slow down.
Yadidatum barely misses the hornet.
You hit the hornet but do no damage.
The hornet is poisoned.
You claw the hornet. You peck the hornet.
The hornet is moderately wounded.
The hornet closely misses you.
A two-headed ogre comes into view. It is wielding two +0 giant clubs.
The hornet stings you.
You are poisoned.
You feel as though you will be slow longer.
You hit the hornet.
The hornet looks even sicker.
You claw the hornet.
The hornet is heavily wounded.
You feel very sick.
Yadidatum barely misses the hornet.
The hornet stings you.
You feel as though you will be slow longer.
You hit the hornet but do no damage.
The hornet looks as sick as possible!
Your kick misses the hornet.
The hornet is severely wounded.
You feel sick. The hornet stings you!
You feel as though you will be slow longer.
The hornet barely misses you.
Yadidatum hits the hornet with a +0 flail!
You slash the hornet!
You kill the hornet!
You feel sick.
Yadidatum hits the two-headed ogre with a +0 flail!
You barely miss the two-headed ogre. You claw the two-headed ogre.
Your peck misses the two-headed ogre.
The two-headed ogre is moderately wounded.
You feel sick.
The two-headed ogre hits you with a +0 giant club!!
Ouch! That really hurt!
* * * LOW HITPOINT WARNING * * *
The two-headed ogre hits you with a +0 giant club!
You die...

#........##.......
#........##.......
#........##.......
#........##.......
#.................
#.................
#.................
#...####.###......
#@..# #.# #......
......OR..# #.#
#......
..........# #.#
#......
..........# #.#
#......
..........# ..
..........# ..
.../......# ..
...<......# .. >.


You could see the friendly Yadidatum the knight and a two-headed ogre (ally
target).

Vanquished Creatures
  Pikel (D:6)
  2 hornets
  Prince Ribbit (D:6)
  Eustachio (D:6)
  Grum (D:8)
  2 water moccasins
  An ice beast (D:7)
  A sky beast (D:7)
  A black bear (D:6)
  3 ogres
  2 wolves (D:8)
  A centaur (D:8)
  A phantom (D:4)
  A bullfrog (D:6)
  A kobold brigand (D:7)
  2 scorpions
  4 wights (D:8)
  2 human zombies (Ossuary)
  2 jellies
  A gnoll bouda (D:3)
  4 orc priests
  3 hounds
  Jessica (D:3)
  6 iguanas
  A sleepcap (D:8)
  Ijyb (D:3)
  A hell rat (Sewer)
  Natasha (thrice) (D:3)
  12 orc wizards
  2 hound zombies (Ossuary)
  3 mummies (Ossuary)
  6 adders
  9 gnolls
  3 river rats (Sewer)
  2 shadow imps
  2 white imps
  2 ufetubi
  3 adder zombies (Ossuary)
  A worm (D:2)
  2 dart slugs
  30 orcs
  5 ball pythons
  9 endoplasms
  8 giant cockroaches
  13 goblins
  8 hobgoblins
  8 jackals (D:1)
  8 kobolds
  5 quokkas
  2 bats
  2 frilled lizards (D:2)
  2 gnoll zombies (Ossuary)
  3 goblin zombies (Ossuary)
  5 hobgoblin zombies (Ossuary)
  2 jackal zombies (Ossuary)
  2 kobold zombies (Ossuary)
  An orc zombie (Ossuary)
  5 quokka zombies (Ossuary)
  11 rats
  A rat zombie (Ossuary)
228 creatures vanquished.

Vanquished Creatures (collateral kills)
  Maggie (D:8)
  A kobold (D:7)
2 creatures vanquished.

Vanquished Creatures (others)
  A knight (D:6)
  A kobold (D:3)
2 creatures vanquished.

Grand Total: 232 creatures vanquished

Notes
Turn   | Place    | Note
-------+----------+-------------------------------------------
     0 | D:1      | Aneyh the Tengu Monk began the quest for the Orb.
     0 | D:1      | Reached XP level 1. HP: 14/14 MP: 2/2
    62 | D:1      | Reached XP level 2. HP: 11/19 MP: 3/3
   208 | D:1      | Found a faded altar of an unknown god.
   301 | D:1      | Reached XP level 3. HP: 22/24 MP: 4/4
   916 | D:2      | Reached skill level 4 in Polearms
  1256 | D:2      | Reached XP level 4. HP: 24/29 MP: 5/5
  1681 | D:2      | Gained mutation: Your magical nature lets you fly swiftly
                  | and evasively. [Tengu growth]
  1681 | D:2      | Reached XP level 5. HP: 9/34 MP: 6/6
  1851 | D:3      | Noticed Jessica
  1856 | D:3      | Killed Jessica
  2055 | D:3      | Reached skill level 5 in Fighting
  2055 | D:3      | Reached skill level 5 in Polearms
  2071 | D:3      | Noticed Natasha
  2093 | D:3      | Found a bloodstained altar of Trog.
  2113 | D:3      | Gained mutation: You are resistant to electric shocks.
                  | (rElec) [potion of mutation]
  2113 | D:3      | Gained mutation: Your flesh is heat resistant. (rF+)
                  | [potion of mutation]
  2118 | D:3      | Reached XP level 6. HP: 40/40 MP: 7/7
  2127 | D:3      | Killed Natasha
  2282 | D:3      | Noticed Ijyb
  2290 | D:3      | Killed Ijyb
  2493 | D:3      | Noticed Natasha
  2502 | D:3      | Killed Natasha
  2589 | D:3      | Noticed Natasha
  2594 | D:3      | Killed Natasha
  2595 | D:3      | Reached skill level 6 in Polearms
  2652 | D:3      | Reached XP level 7. HP: 37/45 MP: 8/8
  2775 | D:3      | Found a shimmering blue altar of Sif Muna.
  2785 | D:3      | Found an ancient bone altar of Kikubaaqudgha.
  2812 | D:3      | Got Kikubaaqudgha's Catalogue of Misery
  2904 | D:3      | Found a radiant altar of Vehumet.
  2908 | D:3      | Reached skill level 7 in Polearms
  3202 | D:4      | Reached skill level 8 in Polearms
  3202 | D:4      | Reached XP level 8. HP: 15/51 MP: 9/9
  3451 | D:4      | Lost mutation: You are resistant to electric shocks.
                  | (rElec) [potion of mutation]
  3451 | D:4      | Lost mutation: Your flesh is heat resistant. (rF+) [potion
                  | of mutation]
  3451 | D:4      | Gained mutation: You do not regenerate when monsters are
                  | visible. [potion of mutation]
  3451 | D:4      | Gained mutation: You are frail. (-10% HP) [potion of
                  | mutation]
  3855 | D:5      | Entered Level 5 of the Dungeon
  3909 | D:5      | Reached skill level 9 in Polearms
  3911 | D:5      | Lost mutation: You do not regenerate when monsters are
                  | visible. [potion of mutation]
  3911 | D:5      | Lost mutation: You are frail. (-10% HP) [potion of
                  | mutation]
  3911 | D:5      | Gained mutation: Your muscles are strong. (Str +4, Int/Dex
                  | -1) [potion of mutation]
  3911 | D:5      | Lost mutation: Your muscles are strong. (Str +4, Int/Dex
                  | -1) [potion of mutation]
  4087 | D:5      | Identified the +1 quarterstaff "Poacledus" {flame, rF-
                  | Int+5}
  5039 | D:6      | Noticed Pikel
  5056 | D:6      | Killed Pikel
  5057 | D:6      | Reached skill level 11 in Polearms
  5057 | D:6      | Reached XP level 9. HP: 20/55 MP: 10/10
  5293 | D:6      | Found a sand-covered staircase.
  5297 | Ossuary  | Entered an ossuary
  5394 | Ossuary  | Reached skill level 12 in Polearms
  5583 | D:6      | Found a glowing drain.
  5591 | Sewer    | Entered a sewer
  5686 | D:6      | Found an opulent altar of Gozag.
  5686 | D:6      | Noticed Eustachio
  5687 | D:6      | Found a glowing silver altar of Zin.
  5687 | D:6      | Found a stormy altar of Qazlal.
  5693 | D:6      | Killed Eustachio
  5694 | D:6      | Found a hide-covered altar of Uskayaw.
  5968 | D:6      | Found a staircase to the Ecumenical Temple.
  5980 | Temple   | Found a transporter.
  5980 | Temple   | Found a transporter.
  5980 | Temple   | Found a transporter.
  5980 | Temple   | Found a transporter.
  5980 | Temple   | Entered the Ecumenical Temple
  5999 | Temple   | Became a worshipper of Hepliaklqana the Forgotten
  5999 | Temple   | Reached * piety under Hepliaklqana
  5999 | Temple   | Reached ** piety under Hepliaklqana
  6000 | Temple   | Remembered your ancestor Yadidatum as a knight
  6031 | D:6      | Noticed Prince Ribbit
  6046 | D:6      | Killed Prince Ribbit
  6047 | D:6      | Reached skill level 13 in Polearms
  6556 | D:7      | Found a broken altar of Ashenzari.
  6852 | D:7      | Found Ovuotwud's Assorted Antiques.
  6933 | D:7      | Found Asyecaosi's Antique Armour Boutique.
  6938 | D:7      | Bought an embroidered cloak for 157 gold pieces
  7186 | D:7      | Found Ophakich's Armour Shop.
  7417 | D:8      | Reached skill level 14 in Polearms
  7417 | D:8      | Reached XP level 10. HP: 34/54 MP: 11/11
  7518 | D:8      | Found a shimmering altar of Xom.
  7702 | D:8      | Reached *** piety under Hepliaklqana
  7704 | D:8      | Noticed Grum
  7723 | D:8      | Killed Grum
  7947 | D:8      | Noticed Maggie
  7956 | D:8      | Killed Maggie
  8553 | D:9      | Noticed a two-headed ogre
  8557 | D:9      | Slain by a two-headed ogre

Illustrated notes

Levels and vault maps discovered:
D:1:      arrival_zaba_pyramid, layout_basic,
          hellmonk_ecumenical_altar_slurped_away, chequers_serial_rivers_room_a
D:2:      layout_loops_ring, minmay_tetromino_l4
D:3:      layout_loops_cross, palyth_temple_overflow_mages, trog_hazing_becter,
          minmay_ogre_servants, uniq_ijyb, uniq_jessica, uniq_natasha
D:4:      layout_gridville
D:5:      layout_basic, minivault_1
D:6:      layout_loops_ring, grunt_temple_overflow_open,
          minmay_temple_entry_antechambers, nicolae_ossuary_entry_plus,
          portal_sewer_entry_f, uniq_eustachio, uniq_pikel, uniq_prince_ribbit1
D:7:      layout_loops_ring, mainiacjoe_overflow_small_starburst, serial_shops,
          nicolae_shop_pleasant_corner_grove,
          nicolae_shop_pleasant_corner_grove, kennysheep_mini_moat,
          kennysheep_generic_room_15
D:8:      layout_basic, xom_teletrap_fun, roderic_serpentine_path, uniq_grum,
          uniq_maggie
D:9:      layout_long_grid, uniq_harold
Temple:   hellmonk_temple_divided_pantheon

Skill      XL: |  1  2  3  4  5  6  7  8  9 10 |
---------------+-------------------------------+-----
Fighting       | 4 5 6 8 |  8.6
Polearms       | 4 5 6 8 11 14 | 14.0
Dodging        | |  3.3

Action                     |  1- 3 |  4- 6 |  7- 9 | 10-12 || total
---------------------------+-------+-------+-------+-------++-------
  Melee: Spear             |   115 |   117 |       |       ||   232
         Kick              |    19 |    32 |    72 |    11 ||   134
         Peck              |    11 |    20 |    58 |     8 ||    97
         Punch             |       |     2 |       |       ||     2
         Halberd           |       |    33 |   391 |    44 ||   468
 Invoke: Ancestor Life: Kn |       |       |     1 |       ||     1
  Evoke: Wand              |       |       |     1 |     4 ||     5
    Use: Potion            |       |     8 |     4 |       ||    12
         Scroll            |       |       |     9 |       ||     9
   Stab: Sleeping          |     8 |     4 |     4 |       ||    16
         Invisible         |       |    11 |       |       ||    11
         Distracted        |       |       |     1 |       ||     1
 Armour: Robe              |     9 |     7 |     7 |       ||    23
         Leather armour    |       |       |    28 |       ||    28
         Scale mail        |       |       |     8 |     6 ||    14
  Dodge: Dodged            |    70 |   118 |   206 |    15 ||   409

Table legend: (Time is in decaauts)
 A = Elapsed time spent in this place.
 B = Non-inter-level travel time spent in this place.
 C = Inter-level travel time spent in this place.
 D = Time resting spent in this place.
 E = Time spent auto-exploring this place.
 F = Levels seen in this place.
 G = Mean time per level.
                   A        B        C        D        E       F      G
               +--------+--------+--------+--------+--------+-----+--------+
         Total |   8098 |   7886 |    212 |   1455 |   4667 |  12 |  674.8 |
       Dungeon |   7757 |   7560 |    197 |   1455 |   4630 |   9 |  861.9 |
        Temple |     36 |     21 |     15 |      0 |      0 |   1 |   36.0 |
         Sewer |     73 |     73 |      0 |      0 |     14 |   1 |   73.0 |
       Ossuary |    231 |    231 |      0 |      0 |     23 |   1 |  231.0 |
               +--------+--------+--------+--------+--------+-----+--------+

Top non-repeatable levels by time:
     D:3: 1117 daAuts
     D:5: 1032 daAuts
     D:4: 996 daAuts
     D:2: 971 daAuts
     D:8: 963 daAuts
     D:6: 890 daAuts
     D:7: 847 daAuts
     D:1: 819 daAuts
 Ossuary: 231 daAuts
     D:9: 119 daAuts
   Sewer: 73 daAuts
  Temple: 36 daAuts
